 Dungeon Crawl Stone Soup version 0.23.1 (webtiles) character file.

Game seed: 1984718665996670630

53 sanboga the Skirmisher (level 3, -1/36 HPs)
             Began as a Gargoyle Berserker on Mar 3, 2019.
             Was a Believer of Trog.
             Slain by a goblin
             ... wielding a +0 dagger
             ... led by Robin
              (4 damage)
             ... on level 2 of the Dungeon.
             The game lasted 00:01:32 (1226 turns).

sanboga the Skirmisher (Gargoyle Berserker)         Turns: 1226, Time: 00:01:33

Health: -1/36      AC:  5    Str: 26    XL:     3   Next: 89%
Magic:  3/3        EV: 12    Int:  7    God:    Trog [**....]
Gold:   18         SH:  0    Dex:  9    Spells: 2/2 levels left

rFire    . . .     SeeInvis .   a - +0 hand axe
rCold    . . .     Gourm    .   (no shield)
rNeg     + . .     Faith    .   b - +0 animal skin
rPois    ∞         Spirit   .   (no helmet)
rElec    +         Reflect  .   (no cloak)
rCorr    .         Harm     .   (no gloves)
MR       .....                  (no boots)
Stlth    ..........             (no amulet)
HPRegen  0.12/turn              (no ring)
MPRegen  0.08/turn              (no ring)

@: berserking, very quick
A: negative energy resistance 1, electricity resistance, unbreathing,
petrification resistance, rot immunity, AC +3
a: Berserk, Trog's Hand, Renounce Religion


You were on level 2 of the Dungeon.
You worshipped Trog.
Trog was pleased with you.
You were hungry.

You visited 1 branch of the dungeon, and saw 2 of its levels.

You collected 18 gold pieces.

Inventory:

Hand Weapons
 a - a +0 hand axe (weapon)
Armour
 b - a +0 animal skin (worn)
Potions
 d - a potion of cancellation {unknown}
Comestibles
 c - 5 rations
 f - 3 chunks of flesh


   Skills:
 + Level 3.8 Fighting
 * Level 3.6 Axes
 + Level 2.8 Armour
 - Level 1.5 Dodging


You had 2 spell levels left.
You didn't know any spells.
Your spell library was empty.

Dungeon Overview and Level Annotations

Branches:
Dungeon (2/15)

Altars:
Hepliaklqana

Annotations:
D:2 Robin


Innate Abilities, Weirdness & Mutations

You are resistant to torment.
Your stone body is resilient. (AC +3)
You are immune to poison.
You resist negative energy. (rN+)
You are resistant to electric shocks. (rElec)
You can survive without breathing.
You are immune to petrification.
You are immune to rotting.


Message History

Trog accepts your kill.
You barely miss the hobgoblin. The goblin closely misses you.
The hobgoblin closely misses you.
A rat comes into view.
You closely miss the goblin.
The goblin is moderately wounded.
You barely miss the goblin. You closely miss the kobold. You hit the hobgoblin.
Robin throws the goblin at you!
* * * LOW HITPOINT WARNING * * *
The goblin barely misses you. The goblin completely misses you.
The hobgoblin hits you.
* * * LOW HITPOINT WARNING * * *
You closely miss the kobold. You barely miss the hobgoblin.
You closely miss the goblin. x2
The rat twitches its whiskers.
Robin says, "Feeling lonely?"
The kobold hits you with a cursed -1 whip.
* * * LOW HITPOINT WARNING * * *
The goblin hits you with a +0 dagger.
You die...

..........##...#
###.###
........#.##...# .#
........#..#...# #
........##.#...#
........##..#.##
........###÷#.#
######........#######.
.............†g......
............)@K......
#.###########ggg....r.
# #########.


You could see Robin, a hobgoblin, 2 goblins, a kobold and a rat.

Vanquished Creatures
  A dart slug (D:1)
  2 leopard geckos (D:2)
  9 hobgoblins
  4 jackals (D:1)
  7 kobolds
  8 bats
  3 frilled lizards (D:1)
  7 goblins
  2 rats (D:1)
43 creatures vanquished.

Notes
Turn   | Place    | Note
-------+----------+-------------------------------------------
     0 | D:1      | sanboga the Gargoyle Berserker began the quest for the Orb.
     0 | D:1      | Reached XP level 1. HP: 14/14 MP: 1/1
   121 | D:1      | Reached XP level 2. HP: 7/19 MP: 2/2
   471 | D:1      | Reached XP level 3. HP: 18/23 MP: 3/3
  1004 | D:2      | Found a hazy altar of Hepliaklqana.
  1027 | D:2      | Reached ** piety under Trog
  1215 | D:2      | Noticed Robin
  1226 | D:2      | Slain by a goblin

Skill      XL: |  1 |
---------------+----+-----
Axes           | 3 |  3.6
Fighting       | |  3.8
Armour         | |  2.8
Dodging        | |  1.5

Action                   || total
-------------------------++-------
Melee: Hand axe          ||   115
Invok: Berserk           ||     2
  Use: Scroll            ||     2
       Potion            ||     1
 Stab: Sleeping          ||     1
  Eat: Chunk             ||     2
Armor: Animal skin       ||    79
Dodge: Dodged            ||   118
